 Dungeon Crawl Stone Soup version 0.22-a0-480-g991dd4b (webtiles) character file.

1435923 Scuka the Merry Centaur (level 27, 273/273 HPs)
             Began as a Centaur Hunter on June 15, 2018.
             Was the Champion of Okawaru.
             Escaped with the Orb
             ... and 3 runes on June 16, 2018!
             The game lasted 04:10:37 (112624 turns).

Scuka the Merry Centaur (Centaur Hunter)          Turns: 112624, Time: 04:10:37

Health: 273/273    AC: 34    Str: 21    XL:     27
Magic:  54/54      EV: 20    Int:  9    God:    Okawaru [******]
Gold:   5395       SH:  0    Dex: 21    Spells: 14/26 levels left

rFire    . . .     SeeInvis .   b - +9 longbow (flame)
rCold    + + .     Gourm    .   (shield currently unavailable)
rNeg     + + +     Faith    .   k - quicksilver dragon scales of Okawaru's Esteem {rC+ MR+ MP+9 Int+4}
rPois    +         Spirit   .   O - +2 hat {MR+}
rElec    .         Reflect  .   F - +2 cloak
rCorr    .         Harm     .   j - +2 pair of gloves {archery}
MR       ++++.                  s - +4 centaur barding {rC+}
Stlth    +.........             X - amulet of Ukkac {+Rage rN+ Str+2 Dex+2}
HPRegen  0.55/turn              S - ring of Sedoloq {*Drain rPois rN+++ MP+9 Int-5}
MPRegen  0.34/turn              Q - +4 ring of slaying

@: hasted, very quick
A: large, hooves 3, blurry vision 1, deformed body, speed 2, mutation resistance
1, inhibited regeneration, tough skin 3
0: Orb of Zot
}: 3/15 runes: barnacled, silver, gossamer
a: Heroism, Finesse, Renounce Religion, Evoke Berserk Rage


You escaped.
You worshipped Okawaru.
Okawaru was exalted by your worship.
You were full.

You visited 10 branches of the dungeon, and saw 50 of its levels.
You also visited: Ice Cave and Desolation.

You collected 7312 gold pieces.
You spent 1917 gold pieces at shops.

Inventory:

Hand Weapons
 a - the +3 longbow "Dyveymomp" {flame, rElec Dex+2 SInv}
   (Okawaru gifted it to you on level 1 of the Elven Halls)

   It causes projectiles fired from it to burn those they strike, causing extra
   injury to most foes and up to half again as much damage against particularly
   susceptible opponents.
   It affects your dexterity (+2).
   It insulates you from electricity.
   It lets you see invisible.
 b - a +9 longbow of flaming (weapon)
Missiles
 d - 731 arrows (quivered)
 W - 9 throwing nets
Armour
 j - a +2 pair of gloves of archery (worn)
 k - the quicksilver dragon scales of Okawaru's Esteem (worn) {rC+ MR+ MP+9 Int+4}
   (Okawaru gifted it to you on level 1 of the Depths)

   It affects your intelligence (+4).
   It protects you from cold.
   It affects your resistance to hostile enchantments.
   It affects your magic capacity (+9).
 s - a +4 centaur barding of cold resistance (worn)
 v - the +1 pair of gloves "Mivagyj" {MR++}
   (You found it on level 2 of the Depths)

   It affects your resistance to hostile enchantments.
 F - a +2 cloak (worn)
 O - a +2 hat of magic resistance (worn)
 U - a +0 centaur barding of flying
Jewellery
 E - an uncursed ring of protection from fire
 Q - a +4 ring of slaying (right hand)
 S - the ring of Sedoloq (left hand) {*Drain rPois rN+++ MP+9 Int-5}
   (You took it off a deep elf demonologist on level 3 of the Elven Halls)

   [ring of magical power]

   It affects your intelligence (-5).
   It protects you from poison.
   It renders you almost immune to negative energy.
   It affects your magic capacity (+9).
   It causes draining when unequipped.
 X - the amulet of Ukkac (around neck) {+Rage rN+ Str+2 Dex+2}
   (You took it off an ironbrand convoker on level 5 of the Vaults)

   [amulet of rage]

   It affects your strength (+2).
   It affects your dexterity (+2).
   It protects you from negative energy.
   It lets you go berserk.
Wands
 n - a wand of disintegration (39)
 o - a wand of scattershot (13)
 u - a wand of iceblast (47)
 x - a wand of digging (56)
 D - a wand of paralysis (13)
 H - a wand of polymorph (35)
 Z - a wand of clouds (17)
Scrolls
 c - 14 scrolls of identify
 e - 2 scrolls of holy word
 g - 23 scrolls of teleportation
 h - 9 scrolls of enchant armour
 l - 15 scrolls of remove curse
 m - 9 scrolls of fear
 y - 2 scrolls of silence
 I - 6 scrolls of amnesia
 J - a scroll of summoning
 K - 9 scrolls of fog
 N - 2 scrolls of magic mapping
 Y - 3 scrolls of enchant weapon
Potions
 p - 4 potions of cancellation
 r - a potion of invisibility
 t - a potion of magic
 w - 8 potions of might
 z - 2 potions of agility
 A - 6 potions of ambrosia
 B - 19 potions of curing
 C - 3 potions of mutation
 G - 6 potions of heal wounds
 M - 2 potions of berserk rage
 P - 3 potions of haste
 R - a potion of resistance
 T - 2 potions of flight
Miscellaneous
 i - a fan of gales
 q - a lightning rod (4/4)
 L - a lamp of fire
Comestibles
 f - 82 rations


   Skills:
 O Level 27 Fighting
   Level 5.5 Staves
 O Level 27 Bows
 + Level 15.5 Armour
 + Level 16.6 Dodging
 - Level 0.4 Stealth
 - Level 5.0 Translocations
 - Level 9.0 Invocations
 + Level 18.8 Evocations


You had 14 spell levels left.
You knew the following spells:

 Your Spells              Type           Power        Failure   Level  Hunger
a - Blink                 Tloc           N/A          11%         2    ###....
b - Swiftness             Chrm/Air       #.......     65%         2    ###....
c - Statue Form           Tmut/Erth      #........    100%        6    #######
d - Sticks to Snakes      Tmut           #.......     65%         2    ###....

Your spell library contained the following spells:

 Spells                   Type           Power        Failure   Level  Hunger
 Cause Fear               Hex            #.........   99%         4    #####..
 Magic Dart               Conj           #...         50%         1    ##.....
 Fireball                 Conj/Fire      #.........   100%        5    ######.
 Conjure Flame            Conj/Fire      #.......     86%         3    ####...
 Bolt of Fire             Conj/Fire      #.........   100%        6    #######
 Bolt of Cold             Conj/Ice       #.........   100%        6    #######
 Slow                     Hex            #.......     65%         2    ###....
 Confuse                  Hex            #.......     86%         3    ####...
 Freezing Cloud           Conj/Ice/Air   #.........   100%        6    #######
 Mephitic Cloud           Conj/Pois/Air  #.......     86%         3    ####...
 Ring of Flames           Chrm/Fire      #.........   100%        7    #######
 Venom Bolt               Conj/Pois      #.........   100%        5    ######.
 Olgreb's Toxic Radiance  Pois           #.......     99%         4    #####..
 Teleport Other           Tloc           #.......     22%         3    ####...
 Summon Small Mammal      Summ           #...         50%         1    ##.....
 Bolt of Draining         Conj/Necr      #.........   100%        5    ######.
 Iskenderun's Mystic Bla  Conj           #.......     99%         4    #####..
 Animate Dead             Necr           N/A          99%         4    #####..
 Pain                     Necr           #...         50%         1    ##.....
 Animate Skeleton         Necr           N/A          50%         1    ##.....
 Ozocubu's Refrigeration  Ice            #.........   100%        6    #######
 Summon Ice Beast         Ice/Summ       #.......     99%         4    #####..
 Call Imp                 Summ           #.......     65%         2    ###....
 Dispel Undead            Necr           #.......     100%        5    ######.
 Regeneration             Chrm/Necr      #.........   86%         3    ####...
 Sting                    Conj/Pois      #...         50%         1    ##.....
 Sublimation of Blood     Necr           #.........   65%         2    ###....
 Tukima's Dance           Hex            #.......     86%         3    ####...
 Corpse Rot               Necr           N/A          65%         2    ###....
 Recall                   Summ/Tloc      N/A          52%         3    ####...
 Agony                    Necr           #.......     100%        5    ######.
 Spider Form              Tmut/Pois      #.........   86%         3    ####...
 Blade Hands              Tmut           #.........   100%        5    ######.
 Ice Form                 Ice/Tmut       #.......     99%         4    #####..
 Death Channel            Necr           #.........   100%        6    #######
 Throw Icicle             Conj/Ice       #.......     99%         4    #####..
 Confusing Touch          Hex            #.....       50%         1    ##.....
 Ignite Poison            Fire/Tmut/Pois #.......     86%         3    ####...
 Call Canine Familiar     Summ           #.......     86%         3    ####...
 Ensorcelled Hibernation  Hex/Ice        #.....       65%         2    ###....
 Metabolic Englaciation   Hex/Ice        #.........   100%        5    ######.
 Summon Butterflies       Summ           #.......     50%         1    ##.....
 Shatter                  Erth           #.........   100%        9    #######
 Corona                   Hex            #......      50%         1    ##.....
 Lee's Rapid Deconstruct  Erth           #.........   100%        5    ######.
 Simulacrum               Ice/Necr       #.........   100%        6    #######
 Excruciating Wounds      Chrm/Necr      #.........   100%        5    ######.
 Portal Projectile        Hex/Tloc       #.....       52%         3    ####...
 Petrify                  Tmut/Erth      #.......     99%         4    #####..
 Passage of Golubria      Tloc           N/A          58%         4    #####..
 Leda's Liquefaction      Hex/Erth       #.........   99%         4    #####..
 Summon Hydra             Summ           #.........   100%        7    #######
 Shroud of Golubria       Chrm/Tloc      #.........   30%         2    ###....
 Inner Flame              Hex/Fire       #.......     86%         3    ####...
 Beastly Appendage        Tmut           #.....       50%         1    ##.....
 Fulminant Prism          Conj/Hex       #.........   99%         4    #####..
 Dazzling Spray           Conj/Hex       #.....       86%         3    ####...
 Force Lance              Conj/Tloc      #.......     90%         4    #####..
 Infusion                 Chrm           #...         50%         1    ##.....
 Song of Slaying          Chrm           #.......     65%         2    ###....
 Spectral Weapon          Hex/Chrm       #.......     86%         3    ####...
 Searing Ray              Conj           #.....       65%         2    ###....
 Summon Lightning Spire   Summ/Air       #.......     99%         4    #####..
 Summon Guardian Golem    Hex/Summ       #.......     86%         3    ####...
 Summon Mana Viper        Hex/Summ       #.......     100%        5    ######.
 Gell's Gravitas          Tloc           #.........   22%         3    ####...
 Yara's Violent Unravell  Hex/Tmut       #.........   100%        5    ######.
 Lesser Beckoning         Tloc           #.........   22%         3    ####...
 Poisonous Vapours        Pois/Air       #.....       65%         2    ###....
 Ignition                 Fire           #.........   100%        8    #######
 Borgnjor's Vile Clutch   Necr/Erth      #.........   100%        5    ######.


Dungeon Overview and Level Annotations

Branches:
Dungeon (15/15)            Temple (1/1) D:4            Lair (6/6) D:9
 Shoals (4/4) Lair:4       Spider (4/4) Lair:2        Slime (0/5) Lair:6
    Orc (2/2) D:9             Elf (3/3) Orc:2        Vaults (5/5) D:14
  Crypt (0/3) Vaults:3     Depths (5/5) D:15            Zot (5/5) Depths:5

Altars:
Ashenzari
Cheibriados
Dithmenos
Elyvilon
Fedhas
Gozag
Hepliaklqana
Kikubaaqudgha
Makhleb
Nemelex Xobeh
Okawaru
Qazlal
Ru
Sif Muna
Trog
Uskayaw
Vehumet
Wu Jian
Xom
Yredelemnul
Zin
The Shining One

Shops:
D:6 !   D:9 [[   D:11 :   D:13 =   Orc:2 =[}%   Elf:2 }   Elf:3 *   Shoals:3 :
Vaults:3 %   Vaults:4 !

Portals:
Hell: Depths:1 Depths:2 Depths:3 Depths:4 Depths:5
Abyss: Depths:2 Depths:4
Pandemonium: Depths:3 Depths:5
Ziggurat: Depths:2
Trove: Vaults:3 (give 20 scrolls of identify)


Innate Abilities, Weirdness & Mutations

You have hooves in place of feet.
Armour fits poorly on your strangely shaped body.
You cover ground very quickly.
You have extremely tough skin. (AC +3)
Scrolls take you a little longer to read.
You are somewhat resistant to further mutation.
You do not regenerate when monsters are visible.


Message History

You kill the rust devil!
Okawaru accepts your kill.
You see here an arrow.
You see here 3 arrows.
You feel yourself slow down.
There is a large open door here.
There is a large open door here.
There is an escape hatch in the ceiling here.
A mysterious force pulls you upwards. The hatch slams shut behind you.
There is an escape hatch in the floor here.
An Orb Guardian comes into view.
You feel yourself speed up.
You see here a club.
A chaos spawn comes into view.
The chaos spawn roars!
An Ice Fiend comes into view.
You see here a +0 short sword.
There is an open door here.
There is a staircase leading out of the dungeon here.
You have escaped!

####.#....≈≈..........#.....
#>.......≈≈≈≈≈≈≈............
####.#.#..≈≈≈≈≈≈≈≈≈≈≈≈..#...≈.
####......#.≈≈≈≈≈≈≈≈≈≈≈≈≈≈...≈.≈≈
...#.##.##..≈≈≈≈≈≈≈≈≈≈≈≈≈≈≈≈≈≈≈≈≈
.........#.≈≈≈#####≈≈≈≈≈≈≈≈≈≈≈≈≈≈
.#.#.#.....≈≈##...##≈≈≈≈≈≈≈≈≈≈≈≈≈
.#.#.#....≈≈≈#.....#≈≈≈≈≈≈≈≈≈≈≈≈≈
.#.#.#....≈≈≈#..@..#≈≈≈≈≈≈≈≈≈≈≈≈≈
.#.#.#.#..≈≈≈#.....#≈≈≈≈≈≈≈≈≈≈≈≈≈
.#.#.#.....≈.##...##≈≈≈≈≈≈≈≈≈≈≈≈≈
##.#.#........##'##≈≈≈≈≈≈≈≈≈≈≈≈≈≈
#.#........4..)...≈≈≈≈≈≈≈≈≈≈≈≈≈≈
#.#...#............≈≈≈≈≈≈≈#####≈
#.#..............^.≈≈≈≈≈≈##...##
#.#...#....≈≈........≈≈..#.....#
#.#...#...≈≈≈≈≈≈.........'.....#


There were no monsters in sight!

Vanquished Creatures
  4 orbs of fire
  3 ancient liches
  Mennas (Depths:5)
  Mara (Depths:2)
  The ghost of Salmacis the Phalangite, a legendary FoFi of Okawaru (Vaults:4)
  Sojobo (Depths:3)
  Bai Suzhen (Spider:2)
  Xtahua (Depths:3)
  4 caustic shrikes (Depths:4)
  9 Killer Klowns
  5 curse toes
  19 golden dragons
  Nikola (Shoals:4)
  Arachne (Spider:3)
  3 electric golems
  Jorgrun (Shoals:4)
  26 Orb Guardians
  24 tentacled monstrosities
  4 titans
  An Ice Fiend (IceCv)
  2 deep elf master archers (Elf:3)
  3 deep elf blademasters
  3 liches
  The ghost of Gorice the Severer, an adept DsWn of Gozag (Shoals:4)
  11 quicksilver dragons
  Gastronok (Lair:1)
  Frances (D:14)
  8 sphinxes
  A kraken (Shoals:3)
  10 death cobs
  7 shadow dragons
  8 draconian monks
  23 storm dragons
  Donald (Shoals:4)
  Ilsuiw (Shoals:4)
  11 fire giants
  12 tengu reavers
  16 frost giants
  A draconian scorcher (Zot:2)
  4 deep elf sorcerers
  15 vault wardens
  2 imperial myrmidons (Orc:2)
  6 draconian knights
  5 deep elf elementalists (Elf:3)
  2 iron dragons (Vaults:5)
  Louise (Elf:3)
  An orc warlord (D:9)
  A balrug (Depths:4)
  3 ghost moths
  7 emperor scorpions
  4 draconian shifters
  A reaper (Depths:4)
  18 stone giants
  14 very ugly things
  14 ironheart preservers
  8 draconian stormcallers
  A spriggan defender (Depths:2)
  5 vampire knights
  7 entropy weavers
  7 draconian annihilators
  Azrael (D:14)
  2 war gargoyles
  8 deep elf annihilators
  9 deep elf demonologists
  9 purple draconians
  6 black draconians
  7 green draconians
  10 red draconians
  10 yellow draconians
  12 white draconians
  11 spark wasps
  2 blizzard demons
  8 deep elf death magi
  4 merfolk javelineers (Shoals:4)
  Snorg (Lair:4)
  13 fire dragons
  10 ettins
  11 merfolk impalers
  14 yaktaur captains
  8 deep elf high priests
  2 rakshasas
  6 great orbs of eyes
  2 servants of whispers
  2 ragged hierophants
  6 ice dragons
  Harold (D:12)
  30 vault guards
  Erolcha (D:10)
  4 spriggan air magi
  2 alligator snapping turtles
  11 centaur warriors
  4 merfolk aquamancers (Shoals:4)
  9 hydras
  5 death knights
  4 merfolk avatars
  A satyr (Shoals:3)
  61 two-headed ogres
  17 ogre magi
  11 tengu warriors
  10 deep troll earth magi
  Urug (D:12)
  4 deep troll shamans
  5 orc high priests (Orc:2)
  A vampire mage (Depths:2)
  28 dancing weapons
  17 spriggan berserkers
  Nergalle (D:11)
  17 deep elf knights
  3 soul eaters (Depths:4)
  3 sun demons (Depths:4)
  A sixfirhy (D:12)
  8 skeletal warriors
  A storm dragon skeleton (Vaults:4)
  4 shadow wraiths
  A deep troll (shapeshifter) (Depths:5)
  4 glowing orange brains
  10 hell knights
  An unseen horror (shapeshifter) (Elf:3)
  2 unseen horrors
  6 flayed ghosts
  2 quicksilver dragon simulacra (Depths:4)
  17 deep trolls
  15 sea snakes
  An infernal demonspawn (Depths:5)
  20 ironbrand convokers
  8 phantasmal warriors
  5 wizards
  A tengu zombie (Vaults:3)
  16 deep elf archers
  An orange crystal statue (Zot:5)
  A lindwurm (Lair:6)
  28 harpies
  An obsidian statue (Vaults:1)
  7 necromancers
  25 orc knights
  An oklob plant (Shoals:1)
  3 orc sorcerers
  27 wolf spiders
  14 fauns
  19 orb spiders
  40 ugly things
  68 deep elf magi
  14 manticores
  30 moths of wrath
  13 cyclopes
  7 elephants
  14 merfolk sirens
  4 black mambas
  Joseph (D:7)
  8 torpor snails
  2 stone giant skeletons
  A gargoyle (D:13)
  15 vault sentinels
  A smoke demon (Depths:5)
  9 rust devils
  16 spiny frogs
  6 water nymphs
  15 freezing wraiths
  3 ice statues
  A torpor snail (shapeshifter) (Depths:3)
  A rime drake (shapeshifter) (Depths:1)
  5 centaur skeletons
  3 rime drakes
  3 efreet (Depths:4)
  5 komodo dragons
  A kobold demonologist (D:14)
  13 demonic crawlers
  39 yaktaurs
  7 ice devils
  4 tengu conjurers
  2 hellwings
  5 anaconda simulacra (IceCv)
  3 red devils
  3 meliai (D:15)
  6 trolls
  5 polar bears
  26 jumping spiders
  17 merfolk
  A wind drake (shapeshifter) (Vaults:4)
  A meliai (shapeshifter) (D:15)
  18 hornets
  A slime creature (shapeshifter) (Vaults:5)
  7 wind drakes
  Grinder (D:4)
  3 saltlings (Desolation)
  4 tyrant leeches (Lair:6)
  3 blink frogs (Lair:4)
  A raiju (shapeshifter) (Vaults:3)
  17 slime creatures
  A hippogriff (shapeshifter) (Vaults:4)
  4 snapping turtles
  17 dream sheep
  13 hippogriffs
  117 redbacks
  4 air elementals
  4 centaur simulacra
  3 flying skulls (Depths:4)
  5 shadows
  3 dire elephant simulacra (IceCv)
  2 spriggans (shapeshifter)
  3 spriggans
  A vampire (D:11)
  56 yaks
  6 wraiths
  20 water elementals
  38 tarantellas
  2 wyverns
  3 basilisks
  A chaos spawn (Depths:5)
  A death yak simulacrum (IceCv)
  7 fire elementals
  7 vampire mosquitoes
  A large abomination (Elf:1)
  A hungry ghost (Shoals:2)
  Menkaure (D:7)
  A steam dragon (D:7)
  5 harpy simulacra (IceCv)
  8 wargs
  An iron troll simulacrum (IceCv)
  2 acid dragons
  11 water moccasins
  8 porcupines
  5 hell hounds
  5 hydra simulacra (IceCv)
  10 ice beasts
  56 orc warriors
  4 sky beasts
  2 human zombies (Vaults:4)
  43 ogres
  2 boggarts (Depths:1)
  5 ettin simulacra (Depths:4)
  A boggart (shapeshifter) (Vaults:5)
  3 phantoms
  4 wolves
  16 crocodiles
  13 centaurs
  2 human skeletons
  6 big kobolds
  4 elf zombies (Elf:1)
  13 bullfrogs
  An earth elemental (Elf:1)
  A human simulacrum (Vaults:2)
  A wyvern skeleton (D:10)
  2 water moccasin skeletons (D:7)
  9 killer bees
  6 scorpions
  An elf simulacrum (Vaults:1)
  9 wights
  5 electric eels
  3 howler monkeys
  A bullfrog zombie (D:12)
  6 crimson imps
  A draconian simulacrum (IceCv)
  2 bullfrog skeletons
  6 hounds
  36 orc priests
  4 centaur zombies
  6 jellies
  2 quasits
  26 orc wizards
  2 iron imps (Depths:5)
  5 iguanas
  6 worker ants
  Terence (D:3)
  2 wolf simulacra (IceCv)
  3 troll simulacra (IceCv)
  A spriggan simulacrum (IceCv)
  A hound zombie (D:5)
  15 adders
  A howler monkey skeleton (D:4)
  15 gnolls
  3 naga simulacra (IceCv)
  An ogre simulacrum (IceCv)
  8 shadow imps
  10 white imps
  9 ufetubi
  5 oozes
  2 adder zombies
  2 worms (D:4)
  A dart slug (D:3)
  8 leopard geckos
  125 orcs
  8 bats
  7 giant cockroaches
  8 goblins
  4 hobgoblins
  4 jackals
  10 kobolds
  2 quokkas
  A frilled lizard (D:3)
  A giant cockroach zombie (D:6)
  A leopard gecko skeleton (D:5)
  A leopard gecko zombie (D:8)
  A quokka skeleton (D:9)
  5 rats
  4 plants
  3 tentacles (Shoals:3)
2471 creatures vanquished.

Vanquished Creatures (collateral kills)
  A titan (Vaults:5)
1 creature vanquished.

Vanquished Creatures (others)
  An emperor scorpion (Spider:4)
  A spark wasp (Depths:4)
  A deep elf knight (Elf:2)
  A moth of wrath (Zot:5)
  A boggart (Depths:2)
  An orc wizard (D:6)
  A white imp (IceCv)
  9 fungi
  13 plants
  8 tentacles (Shoals:3)
37 creatures vanquished.

Grand Total: 2509 creatures vanquished

Notes
Turn   | Place    | Note
-------+----------+-------------------------------------------
     0 | D:1      | Scuka the Centaur Hunter began the quest for the Orb.
     0 | D:1      | Reached XP level 1. HP: 17/17 MP: 1/1
   138 | D:1      | Reached XP level 2. HP: 23/24 MP: 2/2
   739 | D:1      | Reached XP level 3. HP: 30/30 MP: 3/3
  1398 | D:2      | Reached XP level 4. HP: 31/37 MP: 4/4
  2404 | D:3      | Reached XP level 5. HP: 45/45 MP: 5/5
  2947 | D:3      | Reached XP level 6. HP: 29/51 MP: 6/6
  3339 | D:3      | Noticed Terence
  3347 | D:3      | Killed Terence
  3752 | D:4      | Noticed Grinder
  3755 | D:4      | Paralysed by Grinder for 5 turns
  3766 | D:4      | Paralysed by Grinder for 6 turns
  3773 | D:4      | Killed Grinder
  3773 | D:4      | Reached XP level 7. HP: 23/59 MP: 7/7
  4654 | D:4      | Found a staircase to the Ecumenical Temple.
  4663 | Temple   | Entered the Ecumenical Temple
  4705 | Temple   | Became a worshipper of Warmaster Okawaru
  5570 | D:5      | Entered Level 5 of the Dungeon
  5633 | D:5      | Reached skill level 10 in Bows
  5681 | D:5      | Reached XP level 8. HP: 67/67 MP: 8/8
  5837 | D:5      | Reached skill level 5 in Fighting
  6181 | D:5      | Found an iron altar of Okawaru.
  7283 | D:6      | Found an opulent altar of Gozag.
  7286 | D:6      | Got a crude mace
  7287 | D:6      | Identified the +3 mace of Hubris {pain, Dex+4} (You found it on level 6 of the Dungeon)
  7334 | D:6      | Reached * piety under Okawaru
  8141 | D:6      | Reached skill level 1 in Invocations
  8158 | D:6      | Reached skill level 1 in Evocations
  8525 | D:6      | Reached XP level 9. HP: 59/75 MP: 10/10
  8640 | D:6      | Found Keotaff's Distillery.
  8648 | D:6      | Bought a potion of heal wounds for 55 gold pieces
  8648 | D:6      | Bought a potion of heal wounds for 55 gold pieces
  8648 | D:6      | Bought a potion of curing for 33 gold pieces
  8648 | D:6      | Bought a potion of heal wounds for 55 gold pieces
  8648 | D:6      | Bought a potion of heal wounds for 55 gold pieces
  9149 | D:7      | Noticed Joseph
  9180 | D:7      | HP: 3/75 [Joseph/uncursed quarterstaff (8)]
  9181 | D:7      | Killed Joseph
  9613 | D:7      | Reached ** piety under Okawaru
 10045 | D:7      | Noticed Menkaure
 10051 | D:7      | Killed Menkaure
 10559 | D:7      | Reached skill level 5 in Dodging
 11451 | D:7      | Reached *** piety under Okawaru
 11897 | D:8      | Found a sand-covered staircase.
 12050 | D:8      | Noticed a two-headed ogre
 12090 | D:8      | Killed a two-headed ogre
 12090 | D:8      | Reached XP level 10. HP: 78/84 MP: 11/13
 12242 | D:8      | Reached **** piety under Okawaru
 12253 | D:8      | Received a gift from Okawaru
 12629 | D:8      | Noticed a three-headed hydra
 12634 | D:8      | Killed a one-headed hydra
 12634 | D:8      | Reached skill level 5 in Invocations
 13226 | D:8      | Noticed a two-headed ogre
 13249 | D:8      | Killed a two-headed ogre
 14145 | D:9      | Noticed a two-headed ogre
 14635 | D:9      | Found Jekeoss's Armour Boutique.
 14639 | D:9      | Bought a +2 pair of gloves of archery for 215 gold pieces
 14677 | D:9      | Noticed a two-headed ogre
 14687 | D:9      | Killed a two-headed ogre
 14687 | D:9      | Received a gift from Okawaru
 14687 | D:9      | Received a gift from Okawaru
 14687 | D:9      | Reached XP level 11. HP: 94/94 MP: 15/15
 14893 | D:9      | Found a staircase to the Orcish Mines.
 14957 | D:9      | Found Buor's Armour Emporium.
 15021 | D:9      | Killed a two-headed ogre
 15093 | D:9      | Reached ***** piety under Okawaru
 15114 | D:9      | Reached skill level 5 in Evocations
 15121 | D:9      | Received a gift from Okawaru
 15651 | D:9      | Found a staircase to the Lair.
 15961 | D:10     | Entered Level 10 of the Dungeon
 16927 | D:10     | Found a radiant altar of Vehumet.
 16951 | D:10     | Noticed an orc knight
 17034 | D:10     | Killed an orc knight
 17034 | D:10     | Received a gift from Okawaru
 17034 | D:10     | Reached skill level 15 in Bows
 17037 | D:10     | Got a faintly glowing longbow {god gift}
 17049 | D:10     | Identified the +1 longbow of a ziggurat {freeze, *Slow +Fly Str-2 Dex+10} (Okawaru gifted it to you on level 10 of the Dungeon)
 17801 | D:10     | Found a radiant altar of Vehumet.
 18108 | D:11     | Found Vorren's Book Shop.
 18184 | D:11     | Noticed a seven-headed hydra
 18185 | D:11     | Noticed Erolcha
 18247 | D:10     | Killed Erolcha
 18986 | D:11     | Noticed Nergalle
 19017 | D:11     | Killed Nergalle
 19137 | D:11     | Killed a four-headed hydra
 19425 | D:11     | Noticed a red ugly thing
 19449 | D:11     | Killed a red ugly thing
 19449 | D:11     | Reached XP level 12. HP: 44/103 MP: 17/17
 20364 | D:11     | Received a gift from Okawaru
 20928 | D:11     | Received a gift from Okawaru
 21179 | D:11     | Got a twisted scale mail {god gift}
 21190 | D:11     | Identified the +6 scale mail "Ogeberik" {MR+ Regen+ Str+4} (Okawaru gifted it to you on level 11 of the Dungeon)
 21553 | Lair:1   | Entered Level 1 of the Lair of Beasts
 22059 | Lair:1   | Reached skill level 1 in Armour
 22710 | Lair:1   | Noticed Gastronok
 22746 | Lair:1   | Killed Gastronok
 23223 | Lair:2   | Noticed a six-headed hydra
 23263 | Lair:2   | Killed a two-headed hydra
 23652 | Lair:2   | Found a hole to the Spider Nest.
 23941 | Lair:2   | Received a gift from Okawaru
 24377 | Lair:2   | Received a gift from Okawaru
 24412 | Lair:2   | Noticed a four-headed hydra
 24439 | Lair:2   | Killed a four-headed hydra
 24439 | Lair:2   | Reached XP level 13. HP: 103/113 MP: 19/19
 25545 | Lair:3   | Reached ****** piety under Okawaru
 25545 | Lair:3   | Received a gift from Okawaru
 25557 | Lair:3   | Reached skill level 10 in Fighting
 25903 | Lair:3   | Found the +8 frozen axe "Frostbite" {freezing cloud, *Noise +Fly rC+}
 26294 | Lair:3   | Got an ancient trident
 26309 | Lair:3   | Got a polished quarterstaff
 26354 | Lair:3   | Identified the +9 trident of Chagrin {holy, rC+ Str-3 Dex+4} (You found it on level 3 of the Lair of Beasts)
 26355 | Lair:3   | Identified the +7 quarterstaff "Testudinebane" {elec, rF+ rC+} (You found it on level 3 of the Lair of Beasts)
 26467 | Lair:3   | Received a gift from Okawaru
 27078 | Lair:4   | Reached skill level 1 in Staves
 27178 | Lair:3   | Received a gift from Okawaru
 27603 | Lair:4   | Got a bone hand axe
 27604 | Lair:4   | Identified the +9 hand axe "Baituwunk" {chop, rPois SInv} (You found it on level 4 of the Lair of Beasts)
 27993 | Lair:4   | Noticed Snorg
 28005 | Lair:4   | Killed Snorg
 28369 | Lair:4   | Found a staircase to the Shoals.
 29217 | Lair:5   | Learned a level 2 spell: Blink
 29431 | Lair:6   | Entered Level 6 of the Lair of Beasts
 29591 | Lair:5   | Received a gift from Okawaru
 29773 | Lair:6   | Reached skill level 1 in Translocations
 29834 | Lair:6   | Received a gift from Okawaru
 29961 | Lair:6   | Reached XP level 14. HP: 122/122 MP: 20/20
 30301 | Lair:6   | Found a staircase to the Slime Pits.
 31188 | Lair:6   | Found a runed door.
 32008 | Orc:1    | Entered Level 1 of the Orcish Mines
 32492 | Orc:1    | Noticed an orc warlord
 32647 | D:9      | Killed an orc warlord
 33366 | Orc:2    | Entered Level 2 of the Orcish Mines
 33445 | Orc:2    | Received a gift from Okawaru
 33911 | Orc:2    | Found a staircase to the Elven Halls.
 34231 | Orc:2    | Received a gift from Okawaru
 34785 | Orc:2    | Found Wotzuemu's Food Boutique.
 34788 | Orc:2    | Found Bapnadem's Jewellery Boutique.
 34789 | Orc:2    | Found Ady Siom's Gadget Boutique.
 34790 | Orc:2    | Found Cuilloho's Armour Shop.
 35353 | D:12     | Noticed Urug
 35362 | D:12     | Killed Urug
 35398 | D:12     | Received a gift from Okawaru
 35529 | D:12     | Reached XP level 15. HP: 66/130 MP: 21/21
 35885 | D:12     | Noticed Harold
 35898 | D:12     | Killed Harold
 36251 | D:13     | Received a gift from Okawaru
 36431 | D:13     | Reached skill level 5 in Armour
 36508 | D:13     | Found Xahel's Jewellery Shop.
 36933 | D:13     | Reached skill level 5 in Staves
 37066 | D:14     | Received a gift from Okawaru
 37457 | D:14     | Noticed Frances
 37472 | D:14     | Killed Frances
 37615 | D:14     | Noticed Azrael
 37623 | D:14     | Received a gift from Okawaru
 37641 | D:14     | Killed Azrael
 37882 | D:14     | Got a warped shortbow {god gift}
 37883 | D:14     | Identified the +8 shortbow "Neloma" {flame, *Drain rN+ Int+2 Dex+2} (Okawaru gifted it to you on level 14 of the Dungeon)
 37897 | D:14     | Found a gate to the Vaults.
 38506 | D:15     | Entered Level 15 of the Dungeon
 38652 | D:15     | Received a gift from Okawaru
 38656 | D:15     | Got an ichor-stained centaur barding {god gift}
 38667 | D:15     | Identified the +2 centaur barding of Okawaru's Favour {-Tele Str+6} (Okawaru gifted it to you on level 15 of the Dungeon)
 38859 | D:15     | Found a shadowy altar of Dithmenos.
 39569 | D:15     | Found a staircase to the Depths.
 39964 | Shoals:1 | Entered Level 1 of the Shoals
 40563 | Shoals:1 | Found a hazy altar of Hepliaklqana.
 40572 | Shoals:1 | Reached XP level 16. HP: 129/139 MP: 23/23
 40889 | Shoals:1 | Reached skill level 10 in Evocations
 41030 | Shoals:2 | Received a gift from Okawaru
 42978 | Shoals:3 | Noticed a kraken
 43015 | Shoals:3 | Killed a kraken
 43308 | Shoals:3 | Received a gift from Okawaru
 43582 | Shoals:3 | Found Ateuwet's Book Boutique.
 43975 | Shoals:3 | Reached skill level 10 in Dodging
 44286 | Shoals:4 | Entered Level 4 of the Shoals
 44725 | Shoals:4 | Noticed Gorice's ghost (adept DsWn)
 44773 | Shoals:4 | Noticed Nikola
 44789 | Shoals:4 | Killed Nikola
 44789 | Shoals:4 | Received a gift from Okawaru
 44896 | Shoals:4 | Noticed Jorgrun
 44911 | Shoals:4 | Killed Jorgrun
 45141 | Shoals:4 | Noticed Donald
 45154 | Shoals:4 | Killed Donald
 45190 | Shoals:4 | Reached XP level 17. HP: 122/150 MP: 25/25
 45211 | Shoals:4 | Received a gift from Okawaru
 45367 | Shoals:4 | Killed Gorice's ghost
 46141 | Shoals:4 | Received a gift from Okawaru
 46187 | Shoals:4 | Noticed Ilsuiw
 46711 | Shoals:4 | Killed Ilsuiw
 47000 | Shoals:4 | Received a gift from Okawaru
 47231 | Shoals:4 | Got a barnacled rune of Zot
 47618 | Lair:4   | You are sucked into a shaft for 2 floors!
 47861 | Orc:2    | Bought the ring "Sitakhlu" {rPois Dex+3 Stlth+} for 630 gold pieces
 48046 | Spider:1 | Entered Level 1 of the Spider Nest
 48174 | Spider:1 | Received a gift from Okawaru
 48354 | Spider:1 | Received a gift from Okawaru
 48849 | Spider:1 | Received a gift from Okawaru
 48926 | Spider:2 | Found a frozen archway.
 48940 | IceCv    | Entered an ice cave
 50255 | IceCv    | Received a gift from Okawaru
 50530 | IceCv    | Noticed an Ice Fiend
 50891 | IceCv    | Killed an Ice Fiend
 51002 | IceCv    | Got an ancient short sword
 51003 | IceCv    | Identified the +5 short sword of Spring {flame, Int+6 Dex+4} (You found it in an ice cave)
 51211 | Spider:2 | Received a gift from Okawaru
 52076 | Spider:2 | Received a gift from Okawaru
 52147 | Spider:2 | Got a translucent shortbow {god gift}
 52148 | Spider:2 | Identified the +1 shortbow of Discord {flame, rC+ Dex+5 SInv} (Okawaru gifted it to you on level 2 of the Spider Nest)
 52658 | Spider:3 | Reached XP level 18. HP: 117/160 MP: 26/26
 52743 | Spider:3 | Noticed Bai Suzhen
 52869 | Spider:3 | Noticed Arachne
 52877 | Spider:2 | Killed Bai Suzhen
 53035 | Spider:3 | Killed Arachne
 53988 | Spider:4 | Entered Level 4 of the Spider Nest
 54227 | Spider:4 | Received a gift from Okawaru
 54232 | Spider:4 | Got a spiked chain mail {god gift}
 54247 | Spider:3 | Identified the +0 chain mail of Byzygga {Str+4} (Okawaru gifted it to you on level 4 of the Spider Nest)
 55318 | Spider:4 | Reached skill level 5 in Translocations
 57378 | Spider:4 | Reached skill level 15 in Fighting
 57833 | Spider:4 | Got a gossamer rune of Zot
 58396 | Elf:1    | Entered Level 1 of the Elven Halls
 58627 | Elf:1    | Received a gift from Okawaru
 58630 | Elf:1    | Got a twisted longbow {god gift}
 58641 | Orc:2    | Identified the +3 longbow "Dyveymomp" {flame, rElec Dex+2 SInv} (Okawaru gifted it to you on level 1 of the Elven Halls)
 58799 | Elf:1    | Found a ruined gateway.
 58809 | Desolati | Entered the Desolation of Salt
 59142 | Orc:2    | Gained mutation: You are clumsy. (Dex -2) [mutagenic glow]
 59194 | Orc:2    | Gained mutation: Your spells are a little easier to cast, but a little less powerful. [mutagenic glow]
 59279 | Elf:1    | Lost mutation: Your spells are a little easier to cast, but a little less powerful. [potion of mutation]
 59279 | Elf:1    | Lost mutation: You are clumsy. (Dex -2) [potion of mutation]
 59279 | Elf:1    | Gained mutation: You are dopey. (Int -2) [potion of mutation]
 59279 | Elf:1    | Gained mutation: Your flesh is cold resistant. (rC+) [potion of mutation]
 59323 | Elf:1    | Reached XP level 19. HP: 170/170 MP: 27/27
 60045 | Elf:1    | Identified the Almanac of Darkness
 60551 | Elf:2    | Found Wyblueloy's Gadget Emporium.
 60654 | Elf:2    | Found a runed gate.
 60654 | Elf:2    | Found a runed gate.
 60768 | Elf:2    | Found a runed gate.
 60830 | Elf:2    | Received a gift from Okawaru
 61509 | Elf:2    | Received a gift from Okawaru
 62172 | Elf:3    | Entered Level 3 of the Elven Halls
 62975 | Elf:3    | Found Jeirano's General Store.
 63217 | Elf:3    | Received a gift from Okawaru
 63337 | Elf:3    | Received a gift from Okawaru
 63464 | Elf:3    | Got a steaming iron ring
 63480 | Elf:3    | Noticed Louise
 63524 | Elf:3    | Killed Louise
 64010 | Elf:3    | Got a smoking glass ring
 64289 | Elf:3    | Reached XP level 20. HP: 184/184 MP: 28/28
 64692 | Elf:3    | Identified the ring of Qukamn {Fire rN+ Dex+4} (You took it off a deep elf blademaster on level 3 of the Elven Halls)
 64697 | Elf:3    | Identified the ring of Sedoloq {*Drain rPois rN+++ MP+9 Int-5} (You took it off a deep elf demonologist on level 3 of the Elven Halls)
 64753 | Elf:3    | Got an ancient amethyst amulet
 64755 | Elf:3    | Got a warped shortbow {velocity}
 64769 | Elf:3    | Identified the cursed +2 shortbow "Beoh" {velocity, rC- rN+++ MP-9 Stlth+} (You took it off a deep elf archer on level 3 of the Elven Halls)
 64992 | Elf:3    | Identified A Thorough Guide to Spellweaving
 65086 | Elf:3    | Identified Emou's Reference Book on Talismans and the Mountains
 65091 | Elf:3    | Learned a level 2 spell: Swiftness
 65098 | Elf:3    | Learned a level 6 spell: Statue Form
 65909 | Vaults:1 | Entered Level 1 of the Vaults
 66381 | Vaults:1 | Received a gift from Okawaru
 66563 | Vaults:1 | Received a gift from Okawaru
 66813 | Vaults:1 | Reached skill level 27 in Bows
 66929 | Vaults:1 | Received a gift from Okawaru
 66930 | Vaults:1 | Got an encrusted centaur barding {god gift}
 67044 | Vaults:1 | Identified the -5 centaur barding of Tigriam {+Fly rCorr Slay+2} (Okawaru gifted it to you on level 1 of the Vaults)
 67097 | Vaults:1 | Got a smoking chain mail
 67108 | Vaults:1 | Identified the cursed +0 chain mail "Yludim" {Str+4 SInv} (You found it on level 1 of the Vaults)
 69232 | Vaults:2 | Identified the amulet of Cosh {Spirit rC- Str+3 Int+4 Dex+8} (You took it off a deep elf knight on level 3 of the Elven Halls)
 69316 | Vaults:2 | Received a gift from Okawaru
 69727 | Vaults:2 | Reached XP level 21. HP: 198/198 MP: 29/29
 72058 | Vaults:3 | Found Vowkerchuh's Food Shoppe.
 72174 | Vaults:3 | Found a staircase to the Crypt.
 72520 | Vaults:3 | Received a gift from Okawaru
 72637 | Vaults:3 | Found a portal to a secret trove of treasure.
 73501 | Vaults:4 | Received a gift from Okawaru
 73564 | Vaults:4 | Learned a level 2 spell: Sticks to Snakes
 73578 | Vaults:4 | Noticed Salmacis's ghost (legendary FoFi)
 73945 | Vaults:4 | Killed Salmacis's ghost
 74616 | Vaults:4 | Got a polished long sword
 74617 | Vaults:4 | Identified the +6 long sword of Responsibility {freeze, rF- MR++ Int+2} (You found it on level 4 of the Vaults)
 75045 | Vaults:4 | Received a gift from Okawaru
 75180 | Vaults:4 | Reached XP level 22. HP: 151/211 MP: 31/31
 75347 | Vaults:4 | Received a gift from Okawaru
 75562 | Vaults:4 | Found Loczajoh's Distillery.
 75570 | Vaults:4 | Bought a potion of haste for 210 gold pieces
 75570 | Vaults:4 | Bought a potion of heal wounds for 105 gold pieces
 75570 | Vaults:4 | Bought a potion of haste for 210 gold pieces
 75570 | Vaults:4 | Bought a potion of haste for 210 gold pieces
 75570 | Vaults:4 | Bought a potion of might for 84 gold pieces
 75614 | Vaults:4 | Received a gift from Okawaru
 75835 | Vaults:4 | Got a dazzling halberd {god gift}
 75836 | Vaults:4 | Identified the +8 halberd "Demon's Nightmare" {chop, +Fly rC+} (Okawaru gifted it to you on level 4 of the Vaults)
 76132 | Vaults:5 | Entered Level 5 of the Vaults
 76284 | Vaults:5 | Received a gift from Okawaru
 76423 | Vaults:5 | Reached skill level 10 in Armour
 76664 | Vaults:5 | Noticed a golden dragon
 76675 | Vaults:5 | Killed a golden dragon
 76707 | Vaults:5 | Received a gift from Okawaru
 78003 | Vaults:5 | Reached XP level 23. HP: 221/221 MP: 33/33
 78449 | Vaults:5 | Got a clouded granite ring
 78765 | Vaults:5 | Got a silver rune of Zot
 78781 | Vaults:5 | Received a gift from Okawaru
 78895 | Vaults:5 | Identified the ring of Zudetob {+Inv rPois} (You took it off a vault guard on level 5 of the Vaults)
 79136 | Vaults:5 | Got a crude platinum amulet
 79187 | Vaults:5 | Identified Bonti's Catalogue of the Frostbite and Clay
 79272 | Vaults:5 | Received a gift from Okawaru
 79400 | Vaults:5 | Noticed an ancient lich
 79410 | Vaults:5 | Killed an ancient lich
 80148 | Depths:1 | Entered Level 1 of the Depths
 80154 | Depths:1 | Found a gateway to Hell.
 80576 | Depths:1 | Received a gift from Okawaru
 80579 | Depths:1 | Got dazzling quicksilver dragon scales {god gift}
 80674 | Depths:1 | Identified the quicksilver dragon scales of Okawaru's Esteem {rC+ MR+ MP+9 Int+4} (Okawaru gifted it to you on level 1 of the Depths)
 81590 | Depths:1 | Got a glittering tin ring
 82424 | Depths:2 | Identified the amulet of Ukkac {+Rage rN+ Str+2 Dex+2} (You took it off an ironbrand convoker on level 5 of the Vaults)
 82636 | Depths:1 | You fall through a shaft!
 82867 | Depths:2 | Identified the ring of the Skies Above {*Slow MR++ Int+4 Dex+8 SInv Stlth-} (You found it on level 1 of the Depths)
 82873 | Depths:2 | Found a gateway to a ziggurat.
 82896 | Depths:2 | Found a one-way gate to the infinite horrors of the Abyss.
 83306 | Depths:2 | Received a gift from Okawaru
 83310 | Depths:2 | Noticed Mara
 83443 | Depths:2 | Noticed Scuka's illusion
 83480 | Depths:2 | Reached XP level 24. HP: 233/233 MP: 33/33
 83718 | Depths:2 | Got a pair of faintly humming gloves
 83729 | Depths:2 | Identified the +1 pair of gloves "Mivagyj" {MR++} (You found it on level 2 of the Depths)
 83781 | Depths:2 | Killed Mara
 84454 | Depths:2 | Identified a scroll of acquirement
 84547 | Depths:2 | Got a bound bronze ring
 85559 | Depths:3 | Noticed Xtahua
 85574 | Depths:3 | Killed Xtahua
 85614 | Depths:3 | Reached skill level 15 in Evocations
 85649 | Depths:3 | Received a gift from Okawaru
 86075 | Depths:3 | Got a warped glass ring
 86077 | Depths:3 | Found a one-way gate leading to the halls of Pandemonium.
 86079 | Depths:3 | Identified the ring "Ehosoj Ulah" {rN++ Int-3 Dex+7 Stlth-} (You found it on level 3 of the Depths)
 87118 | Depths:2 | Identified the ring of Gelisch {*Slow rElec rF+ Int+2 Dex+4} (You found it on level 2 of the Depths)
 88356 | Depths:4 | Found a hazy altar of Hepliaklqana.
 89026 | Depths:4 | Found a bloodstained altar of Trog.
 89728 | Depths:4 | Reached XP level 25. HP: 120/245 MP: 34/34
 89950 | Depths:4 | Noticed Sojobo
 90006 | Depths:3 | Killed Sojobo
 90325 | Depths:4 | Received a gift from Okawaru
 90432 | Depths:4 | Received a gift from Okawaru
 91457 | Depths:4 | Found a white marble altar of Elyvilon.
 91973 | Depths:4 | Found a burning altar of Makhleb.
 91996 | Depths:4 | Received a gift from Okawaru
 93602 | Depths:5 | Entered Level 5 of the Depths
 93977 | Depths:5 | Found a shattered altar of Ashenzari.
 95105 | Depths:5 | Found a gate to the Realm of Zot.
 95108 | Depths:5 | Noticed Mennas
 95152 | Depths:5 | Killed Mennas
 95152 | Depths:5 | Received a gift from Okawaru
 95588 | Depths:5 | Received a gift from Okawaru
 96141 | Zot:1    | Entered Level 1 of the Realm of Zot
 96835 | Zot:1    | Reached XP level 26. HP: 246/264 MP: 34/34
 98339 | Zot:1    | Received a gift from Okawaru
 99584 | Zot:2    | Reached skill level 27 in Fighting
100963 | Zot:2    | Received a gift from Okawaru
101435 | Zot:2    | Received a gift from Okawaru
101526 | Zot:2    | Noticed an orb of fire
101937 | Zot:2    | Gained mutation: You are frail. (-10% HP) [an orb of fire]
101938 | Zot:2    | Killed an orb of fire
102282 | Zot:1    | Lost mutation: You are dopey. (Int -2) [potion of mutation]
102282 | Zot:1    | Lost mutation: Your flesh is cold resistant. (rC+) [potion of mutation]
102282 | Zot:1    | Lost mutation: You are frail. (-10% HP) [potion of mutation]
102282 | Zot:1    | Gained mutation: You are somewhat resistant to further mutation. [potion of mutation]
102293 | Zot:2    | Received a gift from Okawaru
102442 | Zot:2    | Received a gift from Okawaru
102920 | Zot:2    | Reached XP level 27. HP: 273/273 MP: 35/35
103823 | Zot:3    | Reached skill level 15 in Dodging
104617 | Zot:3    | Received a gift from Okawaru
104620 | Zot:3    | Got a pair of crude gloves {god gift}
104728 | Zot:3    | Identified the +0 pair of gloves "Wyvob" {rElec rC- Str-4 Int+8} (Okawaru gifted it to you on level 3 of the Realm of Zot)
106682 | Zot:5    | Entered Level 5 of the Realm of Zot
108154 | Zot:5    | Noticed an orb of fire
108159 | Zot:5    | Gained mutation: Scrolls take you a little longer to read. [an orb of fire]
108177 | Zot:5    | Killed an orb of fire
108270 | Zot:5    | Noticed an orb of fire
108287 | Zot:5    | Killed an orb of fire
108603 | Zot:5    | Received a gift from Okawaru
108908 | Zot:5    | Noticed an ancient lich
108917 | Zot:5    | Received a gift from Okawaru
108925 | Zot:5    | Killed an ancient lich
109279 | Zot:5    | Received a gift from Okawaru
109615 | Zot:5    | Reached skill level 15 in Armour
109788 | Zot:5    | Noticed an ancient lich
109791 | Zot:5    | Received a gift from Okawaru
109795 | Zot:5    | Killed an ancient lich
110115 | Zot:5    | Noticed an orb of fire
110122 | Zot:5    | Gained mutation: You do not regenerate when monsters are visible. [an orb of fire]
110131 | Zot:5    | Killed an orb of fire
111883 | Zot:5    | Got the Orb of Zot
111945 | Zot:5    | Noticed Owinask the pandemonium lord
112453 | D:4      | Noticed Sigaff the pandemonium lord
112624 | D:$      | Escaped with the Orb!

Vault maps used:
D:1:      minmay_arrival_shoal_huts, chequers_big_river
D:3:      first_ration, serial_bayou_pond_a, minivault_25, uniq_terence
D:4:      minmay_temple_entry_mist, cheibrodos_sewer_entry_sluice, uniq_grinder
D:5:      okawaru_altar_gauntlet_db
D:6:      old_standard_altar, serial_shops, shop
D:7:      uniq_menkaure, uniq_joseph
D:8:      nicolae_ossuary_entry_plus, hangedman_ranch, hangedman_decor_points,
          minivault_4, kennysheep_nondescript
D:9:      lair_entry_dummy, orc_0_dummy, serial_shops, shop, shop, st_stairs_12,
          minmay_misc_feat_room
D:10:     hangedman_feature_mirror
D:11:     serial_shops, shop, nicolae_twisting_strands, uniq_erolcha,
          uniq_nergalle
D:12:     uniq_urug, uniq_harold
D:13:     serial_shops, nicolae_shop_statue_plus
D:14:     lightli_vaults_fourway_checkpoint, uniq_frances, uniq_azrael
D:15:     grunt_enter_depths_hoard, nicolae_dithmenos_shadow_blocks
Temple:   grunt_wide_crystal_templ
Lair:1:   serial_bayou_pond_d, lemuel_another_geyser, uniq_gastronok
Lair:2:   spider_nest_entry_a, minmay_stone_trees_small, minmay_holes,
          infiniplex_staircase_pool
Lair:3:   nicolae_quartered_pool_medium, ice2_lemuel
Lair:4:   minmay_shoals_entry_lonely_mermaid, uniq_snorg
Lair:6:   wormcave, nicolae_slime_entry_slimehenge
Shoals:1: lemuel_oklob_altar
Shoals:2: nicolae_shoals_so_close
Shoals:3: serial_shops, nicolae_shop_behind_doors, hangedman_shoals_cup_caves
Shoals:4: shoals_end_simple, shoals_ilsuiw_ice, uniq_donald, uniq_jorgrun,
          uniq_nikola
Spider:2: portal_ice_cave_entry_pillars_three, guppyfry_spider_mini_3
Spider:3: uniq_bai_suzhen, uniq_arachne
Spider:4: grunt_spider_rune_circles, nicolae_spider_shape
Orc:2:    st_orc_pillars
Elf:1:    minmay_elf_arrival_plus, portal_desolation_entry_garden,
          minmay_elf_necromancy
Elf:2:    serial_shops, nicolae_shop_behind_doors, serial_glass,
          glass_columns_c, glass_columns_b, corexii_hall_statues_s
Elf:3:    grunt_elf_hall_branching, serial_shops, nicolae_shop_behind_doors,
          uniq_louise
Vaults:1: v_rooms_4, vaults_room_stairs_pillars, vaults_dpeg_ring,
          nicolae_vaults_statue_guard, v_misc_1, v_misc_12,
          vaults_standard_mumra_enter_the_diamond, nicolae_vaults_asterisk,
          vaults_dpeg_doors, ontoclasm_vaults_misaligned, v_misc_9, v_misc_28,
          serial_glass
Vaults:2: grunt_vaults_hallway_long, nicolae_vaults_branching_niches,
          hangedman_vaults_cutoff, v_rooms_3, v_alt_pattern_2,
          nicolae_vaults_shelves_hall, ontoclasm_vaults_loading_screen,
          grunt_vaults_diagonal, ontoclasm_vaults_ligature,
          nicolae_vaults_three_branches, vaults_dpeg_hooks
Vaults:3: blue_anna_dwarven_crypt, v_misc_4, vaults_dpeg_diagonal,
          vaults_standard_mumra_x, v_misc_32, v_misc_28,
          nicolae_vaults_triangles, hangedman_vaults_capsules, vaults_room_pool,
          nicolae_trove_entry_crystal, serial_shops, shop
Vaults:4: v_misc_13, nicolae_vaults_network_periphery,
          nicolae_vaults_ring_of_whatevers, vaults_room_semicircle,
          vaults_mumra_minichess_inversion, hangedman_vaults_stagger,
          ontoclasm_vaults_tryst, dpeg_vaults_monster_row, v_misc_14,
          vaults_room_pools, v_misc_12, st_hourglassy, ontoclasm_vaults_eye,
          serial_shops, nicolae_shop_competitors_out_of_business, serial_glass
Depths:1: hell_entry, nicolae_two_hexagons, corner_web_ring, st_stairs_12,
          abandoned_shop, hangedman_abyss_or_decor_passed,
          kennysheep_generic_room_11, serial_bayou_shore_a
Depths:2: minmay_swirls_squares, enter_ziggurat_c,
          abyss_entry_small_statue_room, minmay_crystal_room, hell_entry,
          uniq_mara
Depths:3: hangedman_arch_fort, hangedman_geh_valley,
          hangedman_abyss_or_decor_stagger, pan_entry,
          infiniplex_staircase_pool_2, serial_bayou_shore_b, uniq_xtahua
Depths:4: grunt_profane_halls, hell_entry, abyss_entry, uniq_sojobo
Depths:5: evilmike_zot_entry_argh, grunt_pan_entry_in_and_out, hell_entry,
          evilmike_ruin_ashenzari, uniq_mennas
Zot:1:    st_stairs_10
Zot:2:    evilmike_ambush, grunt_megastairs_4, basic_stair_grate_trap
Zot:4:    grunt_ministairs_11
Zot:5:    guppyfry_library_mini
IceCv:    ice_cave_caverns_01

Skill      XL: |  1  2  3  4  5  6  7  8  9 10 11 12 13 14 15 16 17 18 19 20 21 22 23 24 25 26 27 |
---------------+----------------------------------------------------------------------------------+-----
Bows           | 6 7 8 10 11 13 14 15 17 18 19 20 21 23 25 26 27 | 27.0
Dodging        | 2 3 4 5 6 7 8 9 10 11 12 13 14 16 | 16.6
Fighting       | 3 4 5 6 7 8 9 10 11 12 13 14 15 17 19 20 21 22 23 26 27 | 27.0
Invocations    | 1 4 5 7 8 9 |  9.0
Evocations     | 1 3 4 6 7 8 9 10 11 12 13 14 15 16 18 | 18.8
Armour         | 2 3 4 6 7 8 9 10 11 12 13 15 | 15.5
Staves         | 2 4 5 |  5.5
Translocations | 1 4 5 |  5.0
Stealth        | |  0.4

Action                   |  1- 3 |  4- 6 |  7- 9 | 10-12 | 13-15 | 16-18 | 19-21 | 22-24 | 25-27 || total
-------------------------+-------+-------+-------+-------+-------+-------+-------+-------+-------++-------
Melee: Dagger            |    75 |   105 |   328 |     9 |       |       |       |       |       ||   517
       Short sword       |     7 |       |       |       |       |       |       |       |       ||     7
       Kick              |    12 |    26 |    86 |   130 |   217 |   147 |    20 |       |       ||   638
       Mace              |       |       |    30 |       |       |       |       |       |       ||    30
       Falchion          |       |       |       |   256 |    59 |       |       |       |       ||   315
       Quarterstaff      |       |       |       |       |   534 |   368 |    69 |       |       ||   971
       Hand axe          |       |       |       |       |     4 |    23 |       |       |       ||    27
 Fire: Shortbow          |    12 |    29 |   183 |   671 |   526 |  1090 |       |       |       ||  2511
       Longbow           |       |       |       |       |   605 |   631 |  1817 |  1741 |  1952 ||  6746
Throw: Tomahawk          |       |       |       |       |     6 |       |     1 |       |       ||     7
 Cast: Swiftness         |       |       |       |       |       |       |       |     1 |     4 ||     5
       Blink             |       |       |       |       |       |       |       |       |     1 ||     1
Invok: Heroism           |       |       |     2 |     2 |       |     7 |     2 |     2 |     1 ||    16
       Finesse           |       |       |       |     2 |     4 |    13 |     3 |     9 |    16 ||    47
 Abil: Stop Flying       |       |       |       |       |     1 |     3 |       |       |       ||     4
       Evoke Flight      |       |       |       |       |       |     3 |       |       |       ||     3
Evoke: Wand              |       |       |       |       |       |    11 |     1 |     1 |       ||    13
       Fan of gales      |       |       |       |       |       |     1 |       |       |     1 ||     2
       Lamp of fire      |       |       |       |       |       |       |       |       |     1 ||     1
  Use: Scroll            |       |       |     7 |    13 |     5 |     9 |     9 |    13 |    16 ||    72
       Potion            |       |       |     3 |     2 |     2 |     6 |       |     6 |    15 ||    34
 Stab: Distracted        |       |       |       |       |       |     1 |       |       |       ||     1
  Eat: Chunk             |     1 |     6 |    19 |    23 |    42 |    38 |    36 |    26 |    13 ||   204
       Ration            |       |       |     1 |     3 |       |     3 |     1 |     3 |    16 ||    27
Armor: Leather armour    |    49 |    40 |    94 |    72 |       |       |       |       |       ||   255
       Scale mail        |       |       |       |    66 |   395 |   575 |   196 |    87 |       ||  1319
       Quicksilver drago |       |       |       |       |       |       |       |   118 |   287 ||   405
Dodge: Dodged            |    49 |    53 |   188 |   264 |   483 |   961 |   396 |   301 |   413 ||  3108
       Deflected         |       |       |     7 |     9 |    37 |    50 |    76 |    47 |    33 ||   259
       Rpst.: Falchion   |       |       |       |    62 |    10 |       |       |       |       ||    72

Table legend:
 A = Spawn XP
 B = Non-spawn XP
 C = Spawn XP percentage of total XP
 D = Spawn monster count
 E = Non-spawn monster count
 F = Spawn count percentage of total count
 G = Total turns spent on level
                    A         B        C        D         E        F      G
               +---------+---------+-------+---------+---------+-------+---------
         Total |       0 | 1778053 |   0.0 |       0 |    2464 |   0.0 | 112624
               +---------+---------+-------+---------+---------+-------+---------
           D:1 |       0 |      46 |   0.0 |       0 |      21 |   0.0 |  1274
           D:2 |       0 |      85 |   0.0 |       0 |      14 |   0.0 |  1089
           D:3 |       0 |     385 |   0.0 |       0 |      30 |   0.0 |  1985
           D:4 |       0 |     771 |   0.0 |       0 |      17 |   0.0 |  1324
           D:5 |       0 |     660 |   0.0 |       0 |      32 |   0.0 |  1712
           D:6 |       0 |     913 |   0.0 |       0 |      30 |   0.0 |  1643
           D:7 |       0 |    2176 |   0.0 |       0 |      29 |   0.0 |  3036
           D:8 |       0 |    5010 |   0.0 |       0 |      28 |   0.0 |  2455
           D:9 |       0 |    6793 |   0.0 |       0 |      48 |   0.0 |  3572
          D:10 |       0 |    4542 |   0.0 |       0 |      36 |   0.0 |  2410
          D:11 |       0 |    9023 |   0.0 |       0 |      42 |   0.0 |  2896
          D:12 |       0 |    6100 |   0.0 |       0 |      27 |   0.0 |  1310
          D:13 |       0 |    4853 |   0.0 |       0 |      22 |   0.0 |   884
          D:14 |       0 |   19158 |   0.0 |       0 |      42 |   0.0 |  1635
          D:15 |       0 |   13829 |   0.0 |       0 |      33 |   0.0 |  1290
        Lair:1 |       0 |    6899 |   0.0 |       0 |      20 |   0.0 |  1769
        Lair:2 |       0 |    5276 |   0.0 |       0 |      14 |   0.0 |  2205
        Lair:3 |       0 |    9370 |   0.0 |       0 |      45 |   0.0 |  2395
        Lair:4 |       0 |    7096 |   0.0 |       0 |      24 |   0.0 |  1390
        Lair:5 |       0 |    3800 |   0.0 |       0 |      15 |   0.0 |  1283
        Lair:6 |       0 |   17781 |   0.0 |       0 |      59 |   0.0 |  2178
      Shoals:1 |       0 |   12700 |   0.0 |       0 |      24 |   0.0 |  1070
      Shoals:2 |       0 |   14964 |   0.0 |       0 |      32 |   0.0 |  1138
      Shoals:3 |       0 |   29524 |   0.0 |       0 |      49 |   0.0 |  3130
      Shoals:4 |       0 |   44640 |   0.0 |       0 |      57 |   0.0 |  2274
      Spider:1 |       0 |   18923 |   0.0 |       0 |      61 |   0.0 |  1075
      Spider:2 |       0 |   17227 |   0.0 |       0 |      39 |   0.0 |  1474
      Spider:3 |       0 |   29399 |   0.0 |       0 |      63 |   0.0 |  2612
      Spider:4 |       0 |   39306 |   0.0 |       0 |      93 |   0.0 |  2710
         Orc:1 |       0 |    6291 |   0.0 |       0 |      46 |   0.0 |  1042
         Orc:2 |       0 |   21749 |   0.0 |       0 |      93 |   0.0 |  2168
         Elf:1 |       0 |    9814 |   0.0 |       0 |      21 |   0.0 |  1248
         Elf:2 |       0 |   41387 |   0.0 |       0 |      57 |   0.0 |  2054
         Elf:3 |       0 |   63383 |   0.0 |       0 |      59 |   0.0 |  3169
      Vaults:1 |       0 |   53260 |   0.0 |       0 |      79 |   0.0 |  2248
      Vaults:2 |       0 |   51095 |   0.0 |       0 |      89 |   0.0 |  2582
      Vaults:3 |       0 |   57867 |   0.0 |       0 |      94 |   0.0 |  2643
      Vaults:4 |       0 |   77161 |   0.0 |       0 |      97 |   0.0 |  2847
      Vaults:5 |       0 |  165186 |   0.0 |       0 |     124 |   0.0 |  3485
      Depths:1 |       0 |   66945 |   0.0 |       0 |      85 |   0.0 |  2953
      Depths:2 |       0 |   70517 |   0.0 |       0 |      66 |   0.0 |  3440
      Depths:3 |       0 |   70826 |   0.0 |       0 |      51 |   0.0 |  3162
      Depths:4 |       0 |  129381 |   0.0 |       0 |     119 |   0.0 |  4142
      Depths:5 |       0 |   70443 |   0.0 |       0 |      62 |   0.0 |  2918
         Zot:1 |       0 |   54322 |   0.0 |       0 |      34 |   0.0 |  3515
         Zot:2 |       0 |  145927 |   0.0 |       0 |      72 |   0.0 |  2841
         Zot:3 |       0 |   62882 |   0.0 |       0 |      31 |   0.0 |  1901
         Zot:4 |       0 |   28169 |   0.0 |       0 |      14 |   0.0 |  1356
         Zot:5 |       0 |  186188 |   0.0 |       0 |      61 |   0.0 |  5288
         IceCv |       0 |   11120 |   0.0 |       0 |      59 |   0.0 |  2220
    Desolation |       0 |    2891 |   0.0 |       0 |       5 |   0.0 |    92
               +---------+---------+-------+---------+---------+-------+---------
